[Event "18th Prague Open-A 2019"]
[Site "Prague"]
[Date "2019.01.13"]
[Round "4"]
[White "Vojta, Tomas"]
[Black "Kulkarni Bhakti"]
[Result "1-0"]
[ECO "A45"]
[WhiteElo "2351"]
[BlackElo "2303"]
[Annotator "NA"]
[PlyCount "89"]
[EventDate "2019.01.11"]
[EventType "swiss"]
[EventCountry "CZE"]
[SourceTitle "playchess.com"]
[Source "ChessBase"]
[SourceQuality "1"]
[TimeControl "40/5400+30:1800+30"]

1. d4 Nf6 2. c3 g6 3. Nf3 Bg7 4. Bg5 O-O 5. Nbd2 d6 6. e4 h6 7. Bh4 c5 8. dxc5 dxc5 9. Qc2 Nc6 10. Bc4 Na5 11. Be2 Be6 12. O-O Nh5 13. Nb3 Nxb3 14. axb3 Nf4 15. Bc4 Bxc4 16. bxc4 Qc7 17. Bg3 Rfd8 18. Rad1 g5 19. h3 Qc6 20. Rfe1 Qb6 21. Bxf4 gxf4 22. e5 e6 23. Rb1 a5 24. Qc1 Rd3 25. Qxf4 Rad8 26. Nh2 h5 27. Qh4 Qb3 28. Qxh5 Qxc4 29. Nf3 Qf4 30. Qg4 Qxg4 31. hxg4 R3d5 32. Kf1 c4 33. Ra1 Rb5 34. Re2 Rc5 35. Ke1 Kf8 36. Rd1 Rxd1+ 37. Kxd1 b5 38. Kc2 Ke7 39. Re4 Kd7 40. Ng5 Rxe5 41. Rxe5 Bxe5 42. Nxf7 Bf6 43. g5 Ke7 44. Nd6 Bxg5 45. Nxb5 1-0

[Event "18th Prague Open-A 2019"]
[Site "Prague"]
[Date "2019.01.13"]
[Round "4"]
[White "Pushkov, Nikolai"]
[Black "Mis, Mieszko"]
[Result "1/2-1/2"]
[ECO "A48"]
[WhiteElo "2309"]
[BlackElo "2242"]
[Annotator "NA"]
[PlyCount "66"]
[EventDate "2019.01.11"]
[EventType "swiss"]
[EventCountry "CZE"]
[SourceTitle "playchess.com"]
[Source "ChessBase"]
[SourceQuality "1"]
[TimeControl "40/5400+30:1800+30"]

1. d4 Nf6 2. Nf3 g6 3. c4 Bg7 4. Nc3 d5 5. cxd5 Nxd5 6. Bd2 O-O 7. e4 Nxc3 8. Bxc3 c5 9. d5 Bxc3+ 10. bxc3 e6 11. Be2 exd5 12. exd5 Nd7 13. O-O Nf6 14. c4 Re8 15. Bd3 Bg4 16. h3 Bxf3 17. Qxf3 Qd6 18. Rfe1 Kg7 19. Bf1 b6 20. g3 h5 21. h4 Re5 22. Qc3 Rae8 23. Rxe5 Qxe5 24. Qxe5 Rxe5 25. a4 Re4 26. a5 Nd7 27. axb6 axb6 28. Rb1 Ne5 29. Rxb6 Nxc4 30. Bxc4 Rxc4 31. Rc6 Rc3 32. Kf1 c4 33. Ke2 Rd3 1/2-1/2

[Event "18th Prague Open-A 2019"]
[Site "Prague"]
[Date "2019.01.13"]
[Round "4"]
[White "Kushko, Dmitriy"]
[Black "Schmidt-Schaeffer, Sebastian"]
[Result "1/2-1/2"]
[ECO "A08"]
[WhiteElo "2270"]
[BlackElo "2350"]
[Annotator "NA"]
[PlyCount "65"]
[EventDate "2019.01.11"]
[EventType "swiss"]
[EventCountry "CZE"]
[SourceTitle "playchess.com"]
[Source "ChessBase"]
[SourceQuality "1"]
[TimeControl "40/5400+30:1800+30"]

1. Nf3 d5 2. g3 c5 3. Bg2 Nf6 4. O-O Nc6 5. d4 cxd4 6. Nxd4 Qb6 7. Nxc6 bxc6 8. c4 e6 9. Nc3 Bb4 10. Be3 Qa5 11. cxd5 cxd5 12. Bd4 O-O 13. a3 Be7 14. b4 Qc7 15. Rc1 Qb8 16. Na4 e5 17. Bc5 Bxc5 18. Nxc5 Rd8 19. Qb3 Bg4 20. Rfd1 Bxe2 21. Rxd5 Nxd5 22. Bxd5 a5 23. Re1 Bg4 24. Bxa8 Qxa8 25. Qe3 axb4 26. axb4 Bh3 27. Qe4 Qxe4 28. Nxe4 f6 29. Nc5 Bf5 30. Re3 Bh3 31. Re1 Bf5 32. Re3 Bh3 33. Re1 1/2-1/2

[Event "18th Prague Open-A 2019"]
[Site "Prague"]
[Date "2019.01.16"]
[Round "7"]
[White "Krivonosov, Oleg"]
[Black "Abdulla, Murad"]
[Result "1-0"]
[ECO "A05"]
[WhiteElo "2390"]
[BlackElo "2263"]
[Annotator "NA"]
[PlyCount "101"]
[EventDate "2019.01.11"]
[EventType "swiss"]
[EventCountry "CZE"]
[SourceTitle "playchess.com"]
[Source "ChessBase"]
[SourceQuality "1"]
[TimeControl "40/5400+30:1800+30"]

1. Nf3 Nf6 2. c4 g6 3. Nc3 d6 4. d4 Bf5 5. d5 Bg7 6. Nd4 Bd7 7. e4 O-O 8. Be2 e5 9. dxe6 fxe6 10. O-O e5 11. Nc2 a5 12. Be3 Na6 13. Qd2 Kh8 14. Rad1 Qe8 15. f3 b6 16. Nd5 Rf7 17. b3 Nxd5 18. cxd5 Nc5 19. Na3 Bf6 20. Bc4 Rf8 21. Rc1 Qe7 22. Bb5 Bc8 23. Nb1 g5 24. g4 h5 25. h3 Kg7 26. Nc3 Rh8 27. Kg2 Kg6 28. Rh1 Rh7 29. Ne2 Bb7 30. Ng3 h4 31. Nf5 Qf8 32. Rc3 Ra7 33. Rhc1 Qa8 34. R1c2 Qd8 35. Qe2 Ba6 36. Bxa6 Nxa6 37. a3 Qd7 38. Bf2 Rh8 39. Qe3 Re8 40. Bxh4 Rh8 41. Bg3 Qh7 42. Kg1 Nc5 43. Rh2 Qd7 44. h4 Raa8 45. h5+ Kh7 46. Rhc2 Qb5 47. Qe2 Qxe2 48. Rxe2 Rhb8 49. b4 axb4 50. axb4 Ra1+ 51. Re1 1-0

[Event "18th Prague Open-A 2019"]
[Site "Prague"]
[Date "2019.01.16"]
[Round "7"]
[White "Low, Zhen Yu Cyrus"]
[Black "Gomes, Mary Ann"]
[Result "0-1"]
[ECO "B91"]
[WhiteElo "2385"]
[BlackElo "2296"]
[Annotator "NA"]
[PlyCount "114"]
[EventDate "2019.01.11"]
[EventType "swiss"]
[EventCountry "CZE"]
[SourceTitle "playchess.com"]
[Source "ChessBase"]
[SourceQuality "1"]
[TimeControl "40/5400+30:1800+30"]

1. e4 c5 2. Nf3 d6 3. d4 cxd4 4. Nxd4 Nf6 5. Nc3 a6 6. g3 e5 7. Nde2 Be7 8. Bg2 Be6 9. a4 Nc6 10. Nd5 Rc8 11. O-O O-O 12. b3 Bxd5 13. exd5 Nb8 14. a5 Nfd7 15. c4 f5 16. f4 Bf6 17. fxe5 Bxe5 18. Ra2 b5 19. cxb5 axb5 20. Qd3 Nc5 21. Qxb5 Nba6 22. Qc4 Rb8 23. Ra3 Rb4 24. Qc2 Qb8 25. Rf3 Ne4 26. Be3 g6 27. Bf1 Rc8 28. Qd1 Bb2 29. Ra2 Rxb3 30. Nd4 Rxe3 31. Rxe3 Rc1 32. Qd3 Bxd4 33. Qxd4 Rxf1+ 34. Kxf1 Qb1+ 35. Re1 Qxa2 36. Qb6 Nd2+ 37. Kg1 Nf3+ 38. Kf1 Nxh2+ 39. Kg1 Nf3+ 40. Kf1 Qc4+ 41. Re2 Nc5 42. Kf2 Ne5 43. a6 Ng4+ 44. Kf1 Ne3+ 45. Kf2 Ne4+ 46. Kf3 Nxd5 47. Qb8+ Kf7 48. Qb7+ Nc7 49. Rb2 Qf1+ 50. Ke3 Qg1+ 51. Ke2 Qf2+ 52. Kd1 Qf1+ 53. Kc2 Qe2+ 54. Kc1 Qe1+ 55. Kc2 Qd2+ 56. Kb3 Nc5+ 57. Ka2 Qa5+ 0-1

[Event "18th Prague Open-A 2019"]
[Site "Prague"]
[Date "2019.01.16"]
[Round "7"]
[White "Gschnitzer, Oswald"]
[Black "Mis, Mieszko"]
[Result "1/2-1/2"]
[ECO "A04"]
[WhiteElo "2370"]
[BlackElo "2242"]
[Annotator "NA"]
[PlyCount "76"]
[EventDate "2019.01.11"]
[EventType "swiss"]
[EventCountry "CZE"]
[SourceTitle "playchess.com"]
[Source "ChessBase"]
[SourceQuality "1"]
[TimeControl "40/5400+30:1800+30"]

1. Nf3 g6 2. c4 Bg7 3. e4 e5 4. d4 exd4 5. Nxd4 Nf6 6. Nc3 O-O 7. Be3 c6 8. Be2 Re8 9. Bf3 d6 10. Nb3 a5 11. Rc1 Na6 12. O-O a4 13. Nxa4 Nxe4 14. Nb6 Rb8 15. Nxc8 Rxc8 16. Bd4 Nac5 17. Re1 Bxd4 18. Nxd4 Qb6 19. Rc2 Nf6 20. Rce2 Rxe2 21. Rxe2 Re8 22. Rxe8+ Nxe8 23. Qd2 Nf6 24. h4 Nce4 25. Qe3 d5 26. cxd5 cxd5 27. b3 Qc5 28. a4 h5 29. g3 Qa3 30. Kg2 Qb2 31. Be2 Ng4 32. Bxg4 hxg4 33. Ne2 Nd2 34. Nd4 Qc1 35. h5 Qf1+ 36. Kh2 Qh3+ 37. Kg1 Qf1+ 38. Kh2 Qh3+ 1/2-1/2

[Event "18th Prague Open-A 2019"]
[Site "Prague"]
[Date "2019.01.16"]
[Round "7"]
[White "Lin, Yi"]
[Black "Kozak, Antoni"]
[Result "0-1"]
[ECO "A62"]
[WhiteElo "2359"]
[BlackElo "2236"]
[Annotator "NA"]
[PlyCount "72"]
[EventDate "2019.01.11"]
[EventType "swiss"]
[EventCountry "CZE"]
[SourceTitle "playchess.com"]
[Source "ChessBase"]
[SourceQuality "1"]
[TimeControl "40/5400+30:1800+30"]

1. d4 Nf6 2. c4 e6 3. g3 c5 4. d5 exd5 5. cxd5 d6 6. Nc3 g6 7. Bg2 Bg7 8. Nf3 O-O 9. O-O a6 10. a4 Re8 11. Re1 Nbd7 12. Bf4 Qc7 13. Rc1 Qb8 14. Qb3 Ng4 15. a5 b5 16. axb6 Nxb6 17. h3 Nf6 18. e4 Nfd7 19. Rc2 h6 20. Nd1 a5 21. Bd2 a4 22. Qa2 Ba6 23. Bc3 Nf6 24. Bxf6 Bxf6 25. Bf1 Bxf1 26. Kxf1 Nd7 27. Re3 Bd4 28. Nxd4 cxd4 29. Re1 Ne5 30. Kg2 Nd3 31. Rf1 Nb4 32. Qc4 Nxc2 33. Qxc2 Qb3 34. Qd2 Rxe4 35. f3 Re5 36. Nf2 Rc8 0-1

[Event "18th Prague Open-A 2019"]
[Site "Prague"]
[Date "2019.01.16"]
[Round "7"]
[White "Szpar, Milosz"]
[Black "Sindler, Michal"]
[Result "1/2-1/2"]
[ECO "B96"]
[WhiteElo "2339"]
[BlackElo "2221"]
[Annotator "NA"]
[PlyCount "55"]
[EventDate "2019.01.11"]
[EventType "swiss"]
[EventCountry "CZE"]
[SourceTitle "playchess.com"]
[Source "ChessBase"]
[SourceQuality "1"]
[TimeControl "40/5400+30:1800+30"]

1. e4 c5 2. Nf3 d6 3. d4 cxd4 4. Nxd4 Nf6 5. Nc3 a6 6. Bg5 e6 7. f4 h6 8. Bh4 Be7 9. Qf3 Nbd7 10. O-O-O Qc7 11. f5 Ne5 12. Qh3 Nc6 13. g4 Nxd4 14. Rxd4 Bd7 15. Be2 b5 16. Rhd1 e5 17. Bxf6 Bxf6 18. Rxd6 Bc6 19. R6d3 Rc8 20. a3 a5 21. Na2 O-O 22. Rc3 Qb7 23. Bd3 b4 24. axb4 axb4 25. Rb3 Be7 26. f6 Bxf6 27. Nxb4 Bxe4 28. Re1 1/2-1/2

[Event "18th Prague Open-A 2019"]
[Site "Prague"]
[Date "2019.01.16"]
[Round "7"]
[White "Mishuchkov, Nikolai M."]
[Black "Chernyak, Viktoria"]
[Result "1-0"]
[ECO "D02"]
[WhiteElo "2308"]
[BlackElo "2186"]
[Annotator "NA"]
[PlyCount "41"]
[EventDate "2019.01.11"]
[EventType "swiss"]
[EventCountry "CZE"]
[SourceTitle "playchess.com"]
[Source "ChessBase"]
[SourceQuality "1"]
[TimeControl "40/5400+30:1800+30"]

1. d4 d5 2. Nf3 Nf6 3. c4 e6 4. e3 Be7 5. Bd3 O-O 6. b3 dxc4 7. bxc4 c5 8. O-O Nc6 9. Bb2 b6 10. Nc3 cxd4 11. exd4 Bb7 12. a3 Rc8 13. Qe2 Na5 14. Ne5 Qc7 15. Nb5 Qb8 16. d5 exd5 17. cxd5 Rfe8 18. Rad1 Rcd8 19. Ng4 Nxg4 20. Qxg4 Bf8 21. Qf5 1-0

[Event "18th Prague Open-A 2019"]
[Site "Prague"]
[Date "2019.01.16"]
[Round "7"]
[White "Kulkarni Bhakti"]
[Black "Hesse, Henrik"]
[Result "1-0"]
[ECO "C45"]
[WhiteElo "2303"]
[BlackElo "2166"]
[Annotator "NA"]
[PlyCount "115"]
[EventDate "2019.01.11"]
[EventType "swiss"]
[EventCountry "CZE"]
[SourceTitle "playchess.com"]
[Source "ChessBase"]
[SourceQuality "1"]
[TimeControl "40/5400+30:1800+30"]

1. e4 e5 2. d4 exd4 3. Nf3 Nc6 4. Nxd4 Nf6 5. Nxc6 bxc6 6. e5 Qe7 7. Qe2 Nd5 8. c4 Nb6 9. g3 Ba6 10. b3 g6 11. Bg2 Bg7 12. Bb2 O-O 13. O-O f6 14. Ba3 d6 15. Bxc6 Rab8 16. Nc3 fxe5 17. Qe3 Kh8 18. Rfd1 e4 19. Nxe4 Bxc4 20. bxc4 Nxc4 21. Qxa7 Rb6 22. Bd5 Nxa3 23. Qxa3 Bxa1 24. Rxa1 Qe5 25. Qc3 Qxc3 26. Nxc3 c6 27. Bb3 Rf3 28. Ne2 d5 29. Rd1 Rf8 30. f4 Re8 31. Kf2 Re4 32. Rd3 Kg7 33. Re3 Rbb4 34. Rc3 Rb6 35. Nc1 Kf6 36. Nd3 Re7 37. Ne5 g5 38. Nxc6 Rc7 39. Nb4 Rxc3 40. Nxd5+ Kf5 41. Nxc3 gxf4 42. gxf4 Rc6 43. Nd5 Rh6 44. Kg3 Ke4 45. Ne7 Ra6 46. f5 Ke5 47. Kg4 Rd6 48. Nd5 Rd8 49. f6 Rg8+ 50. Kh5 Rg2 51. h4 Rf2 52. Ne3 Ke4 53. Ng4 Rf5+ 54. Kh6 Kf4 55. f7 Rxf7 56. Bxf7 Kxg4 57. a4 Kxh4 58. a5 1-0

[Event "18th Prague Open-A 2019"]
[Site "Prague"]
[Date "2019.01.16"]
[Round "7"]
[White "Ajay Krishna, S."]
[Black "Gschnitzer, Adrian"]
[Result "1/2-1/2"]
[ECO "A35"]
[WhiteElo "2289"]
[BlackElo "2368"]
[Annotator "NA"]
[PlyCount "82"]
[EventDate "2019.01.11"]
[EventType "swiss"]
[EventCountry "CZE"]
[SourceTitle "playchess.com"]
[Source "ChessBase"]
[SourceQuality "1"]
[TimeControl "40/5400+30:1800+30"]

1. Nf3 Nf6 2. c4 c5 3. Nc3 Nc6 4. g3 d5 5. cxd5 Nxd5 6. Bg2 g6 7. O-O Bg7 8. Qa4 O-O 9. Qc4 Nxc3 10. dxc3 Qb6 11. Ng5 Ne5 12. Qb3 h6 13. Nf3 Be6 14. Qxb6 Nxf3+ 15. Bxf3 axb6 16. a3 Bc4 17. Be3 Rad8 18. Rfd1 e6 19. Kf1 Bd5 20. a4 Bxf3 21. exf3 Rxd1+ 22. Rxd1 Ra8 23. Rd6 Ra6 24. Rd8+ Kh7 25. Rd7 Rxa4 26. Rxb7 Ra1+ 27. Ke2 Rb1 28. Kd3 Rxb2 29. Bxc5 Rb3 30. Bb4 Rb2 31. Rxf7 Kg8 32. Re7 Rxf2 33. Rxe6 Rxf3+ 34. Ke4 Rf2 35. h4 Re2+ 36. Kd5 Rxe6 37. Kxe6 b5 38. g4 h5 39. g5 Bh8 40. Ba5 Kf8 41. Bb4+ Ke8 1/2-1/2

[Event "18th Prague Open-A 2019"]
[Site "Prague"]
[Date "2019.01.16"]
[Round "7"]
[White "Michalczak, Thomas"]
[Black "Zhang, Xiaopeng"]
[Result "0-1"]
[ECO "B90"]
[WhiteElo "2139"]
[BlackElo "2299"]
[Annotator "NA"]
[PlyCount "64"]
[EventDate "2019.01.11"]
[EventType "swiss"]
[EventCountry "CZE"]
[SourceTitle "playchess.com"]
[Source "ChessBase"]
[SourceQuality "1"]
[TimeControl "40/5400+30:1800+30"]

1. e4 c5 2. Nf3 d6 3. d4 cxd4 4. Nxd4 Nf6 5. Nc3 a6 6. f3 e5 7. Nb3 Be6 8. Be3 Be7 9. Qd2 O-O 10. O-O-O Nbd7 11. g4 b5 12. g5 Nh5 13. Nd5 Bxd5 14. exd5 f5 15. gxf6 Bxf6 16. Bh3 Nb6 17. Na5 Nf4 18. Be6+ Kh8 19. Qb4 Qc7 20. Kb1 Bd8 21. Bxb6 Qxb6 22. Nc6 Bc7 23. Qe4 Qf2 24. Rhe1 Bb6 25. h4 Qg3 26. h5 Ng2 27. Rh1 Rf4 28. Rh3 Qg5 29. Qd3 Raf8 30. Qa3 Ne3 31. Qxd6 Nxd1 32. Nxe5 Nf2 0-1

[Event "18th Prague Open-A 2019"]
[Site "Prague"]
[Date "2019.01.17"]
[Round "8"]
[White "Pechac, Jergus"]
[Black "Vojta, Tomas"]
[Result "1/2-1/2"]
[ECO "D07"]
[WhiteElo "2472"]
[BlackElo "2351"]
[Annotator "ChessBase"]
[PlyCount "140"]
[EventDate "2019.01.11"]
[EventType "swiss"]
[EventCountry "CZE"]
[SourceTitle "playchess.com"]
[Source "ChessBase"]
[SourceQuality "1"]
[TimeControl "40/5400+30:1800+30"]

1. d4 d5 2. c4 Nc6 3. Nc3 Nf6 4. e3 dxc4 5. Bxc4 e5 6. d5 Na5 7. Be2 c6 8. e4 Bb4 9. Qa4 Bxc3+ 10. bxc3 Bd7 11. Bg5 cxd5 12. Bb5 Qc7 13. Bxd7+ Nxd7 14. Ne2 h6 15. Bh4 dxe4 16. O-O-O Nc6 17. Qxe4 O-O 18. Qg4 f5 19. Qg6 Nd4 20. Nxd4 exd4 21. Qg3 Qxg3 22. hxg3 g5 23. Rxd4 Nf6 24. g4 gxh4 25. gxf5 Rac8 26. Rdxh4 Rxc3+ 27. Kb2 Rc5 28. g4 Rb5+ 29. Ka1 Kf7 30. f3 Ng8 31. R4h2 Re8 32. Rd2 Rbe5 33. Rhh2 R8e7 34. Kb2 Rc7 35. Rh1 Rb5+ 36. Ka1 Nf6 37. a4 Rb4 38. Rxh6 Rxa4+ 39. Kb2 Rb4+ 40. Ka3 Rf4 41. g5 Rxf3+ 42. Kb2 Rxf5 43. gxf6 Rb5+ 44. Ka3 Rc1 45. Ka4 a6 46. Rd7+ Ke6 47. Re7+ Kd6 48. Rh3 Ra1+ 49. Ra3 Rxa3+ 50. Kxa3 Kc6 51. Re6+ Kc7 52. Re7+ Kb6 53. Re6+ Ka7 54. Ka4 Rf5 55. Kb4 a5+ 56. Kc4 b6 57. Re7+ Ka6 58. f7 b5+ 59. Kd3 a4 60. Kc3 Rf4 61. Re4 Rxf7 62. Kb4 Rf6 63. Rh4 Kb6 64. Rg4 Kc6 65. Rh4 Re6 66. Rg4 Re5 67. Rh4 Kd6 68. Rh6+ Re6 69. Rh5 Kc6 70. Rc5+ Kb6 1/2-1/2

[Event "18th Prague Open-A 2019"]
[Site "Prague"]
[Date "2019.01.17"]
[Round "8"]
[White "Wang, Yiye"]
[Black "Mishuchkov, Nikolai M."]
[Result "1-0"]
[ECO "A06"]
[WhiteElo "2443"]
[BlackElo "2308"]
[Annotator "NA RC"]
[PlyCount "115"]
[EventDate "2019.01.11"]
[EventType "swiss"]
[EventCountry "CZE"]
[SourceTitle "playchess.com"]
[Source "ChessBase"]
[SourceQuality "1"]
[TimeControl "40/5400+30:1800+30"]

1. Nf3 d5 2. g3 Bg4 3. Bg2 Nd7 4. O-O c6 5. d3 e5 6. Qe1 Ngf6 7. h3 Bxf3 8. Bxf3 Be7 9. e4 dxe4 10. dxe4 O-O 11. Nd2 Qc7 12. a4 a5 13. Nc4 Bb4 14. Qe2 Rfd8 15. Ne3 Nf8 16. c3 Bc5 17. Nf5 Ne6 18. h4 Ne8 19. Kg2 Bf8 20. Be3 Bc5 21. Bd2 Bf8 22. Be3 Bc5 23. Bc1 Bf8 24. Ne3 Nc5 25. Nc4 Nb3 26. Be3 Nxa1 27. Bb6 Qe7 28. Rxa1 Nc7 29. Nxa5 Ra6 30. Qe3 Rda8 31. b4 Ne6 32. Be2 c5 33. Bxa6 Rxa6 34. bxc5 Nxc5 35. Bxc5 Qxc5 36. Qxc5 Bxc5 37. Nxb7 Be7 38. a5 Kf8 39. Ra4 Ra7 40. a6 Ke8 41. Ra5 f6 42. c4 Kd7 43. c5 h5 44. Kf3 g6 45. Ke3 Kc6 46. Kd3 g5 47. Kc4 gxh4 48. gxh4 f5 49. exf5 Bxh4 50. Ra2 Be7 51. Na5+ Kc7 52. Kb5 Ra8 53. Nc6 Bg5 54. f3 Rg8 55. Nxe5 h4 56. a7 Kb7 57. a8=Q+ Rxa8 58. c6+ 1-0

[Event "18th Prague Open-A 2019"]
[Site "Prague"]
[Date "2019.01.17"]
[Round "8"]
[White "Xiang, Zeyu"]
[Black "Gschnitzer, Adrian"]
[Result "1-0"]
[ECO "A58"]
[WhiteElo "2440"]
[BlackElo "2368"]
[Annotator "NA"]
[PlyCount "109"]
[EventDate "2019.01.11"]
[EventType "swiss"]
[EventCountry "CZE"]
[SourceTitle "playchess.com"]
[Source "ChessBase"]
[SourceQuality "1"]
[TimeControl "40/5400+30:1800+30"]

1. d4 Nf6 2. c4 c5 3. d5 b5 4. cxb5 a6 5. bxa6 g6 6. Nc3 Bg7 7. e4 O-O 8. Be2 Qa5 9. Bd2 Bxa6 10. e5 Ne8 11. Nf3 d6 12. e6 Bxe2 13. Qxe2 Qa6 14. exf7+ Rxf7 15. Ng5 Qxe2+ 16. Kxe2 Rf5 17. Nge4 Nc7 18. g4 Rf8 19. a3 Nd7 20. b4 e6 21. bxc5 exd5 22. cxd6 Nb5 23. Nxd5 Bxa1 24. Rxa1 Rxa3 25. Rxa3 Nxa3 26. Ne7+ Kf7 27. Ng5+ Ke8 28. Nxh7 Rh8 29. Ng5 Rxh2 30. Bf4 Rh4 31. f3 Nc4 32. Nd5 Rh1 33. Nc7+ Kd8 34. Nf7+ Kc8 35. Nd5 Nc5 36. Ne7+ Kd7 37. Nxg6 Ke6 38. Ng5+ Kf6 39. Ne7 Ra1 40. Nd5+ Kg6 41. Nc3 Nb2 42. Nge4 Ne6 43. Bg3 Kf7 44. f4 Ra5 45. f5 Nd4+ 46. Ke3 Nxf5+ 47. gxf5 Rxf5 48. Kd4 Rh5 49. Bf4 Rh1 50. d7 Ke7 51. Nc5 Rh4 52. Nd5+ Kd8 53. Ke3 Nc4+ 54. Ke2 Rh5 55. Bc7# 1-0

[Event "18th Prague Open-A 2019"]
[Site "Prague"]
[Date "2019.01.17"]
[Round "8"]
[White "Plischki, Sebastian"]
[Black "Kulhanek, Tomas"]
[Result "1-0"]
[ECO "B09"]
[WhiteElo "2426"]
[BlackElo "2303"]
[Annotator "NA RC"]
[PlyCount "73"]
[EventDate "2019.01.11"]
[EventType "swiss"]
[EventCountry "CZE"]
[SourceTitle "playchess.com"]
[Source "ChessBase"]
[SourceQuality "1"]
[TimeControl "40/5400+30:1800+30"]

1. d4 g6 2. e4 Bg7 3. Nc3 d6 4. f4 Nf6 5. Nf3 c5 6. Bb5+ Nbd7 7. e5 Ng8 8. dxc5 dxc5 9. Be3 Nh6 10. Bxc5 O-O 11. Bf2 Ng4 12. O-O Nxf2 13. Rxf2 Nb6 14. a4 Be6 15. Ng5 Nd5 16. Nxe6 fxe6 17. Qg4 Nxc3 18. Qxe6+ Kh8 19. bxc3 Qc7 20. Raf1 Rad8 21. Bd3 Qd7 22. Qxd7 Rxd7 23. h4 Rc7 24. c4 Rc6 25. Rb1 b6 26. g4 e6 27. Kg2 Rf7 28. Kg3 Rc5 29. Rb5 Bf8 30. Rh2 Rxb5 31. cxb5 Bb4 32. Kf3 Kg7 33. Bc4 Re7 34. h5 gxh5 35. Rxh5 h6 36. Ke4 Bc3 37. Rh3 1-0

[Event "18th Prague Open-A 2019"]
[Site "Prague"]
[Date "2019.01.17"]
[Round "8"]
[White "Lalic, Bogdan"]
[Black "Bednar, Marcel"]
[Result "1-0"]
[ECO "E68"]
[WhiteElo "2418"]
[BlackElo "2268"]
[Annotator "NA"]
[PlyCount "83"]
[EventDate "2019.01.11"]
[EventType "swiss"]
[EventCountry "CZE"]
[SourceTitle "playchess.com"]
[Source "ChessBase"]
[SourceQuality "1"]
[TimeControl "40/5400+30:1800+30"]

1. d4 Nf6 2. c4 g6 3. Nf3 Bg7 4. g3 O-O 5. Bg2 d6 6. Nc3 Nbd7 7. O-O e5 8. e4 c6 9. Be3 Ng4 10. Bg5 f6 11. Bd2 f5 12. exf5 gxf5 13. Ne2 Qe8 14. Nh4 Ndf6 15. Bb4 Ne4 16. f3 Ne3 17. Qd3 Nxg2 18. Kxg2 a5 19. Ba3 exd4 20. fxe4 fxe4 21. Rxf8+ Kxf8 22. Bxd6+ Kg8 23. Qa3 b5 24. Qc5 d3 25. Nf4 e3 26. Be7 e2 27. Nxd3 bxc4 28. Qxc4+ Kh8 29. Nf4 c5 30. Qxe2 Bb7+ 31. Nf3 Qc6 32. Kf2 Re8 33. Ne5 Qc7 34. Bd6 Qc8 35. Re1 Bc6 36. Qc4 Qb7 37. Nf7+ Qxf7 38. Qxf7 Bd4+ 39. Kf1 Bb5+ 40. Kg2 Bc6+ 41. Kh3 Rxe1 42. Qf8# 1-0

[Event "18th Prague Open-A 2019"]
[Site "Prague"]
[Date "2019.01.17"]
[Round "8"]
[White "Roeder, Matthias"]
[Black "Qiu, Mengjie"]
[Result "1/2-1/2"]
[ECO "A05"]
[WhiteElo "2396"]
[BlackElo "2247"]
[Annotator "NA"]
[PlyCount "84"]
[EventDate "2019.01.11"]
[EventType "swiss"]
[EventCountry "CZE"]
[SourceTitle "playchess.com"]
[Source "ChessBase"]
[SourceQuality "1"]
[TimeControl "40/5400+30:1800+30"]

1. Nf3 Nf6 2. g3 e6 3. Bg2 d5 4. O-O c5 5. d4 Nc6 6. c4 dxc4 7. dxc5 Bxc5 8. Qxd8+ Kxd8 9. Nbd2 Ke7 10. Nxc4 Rd8 11. b3 Bd7 12. Bb2 Rac8 13. Rac1 b6 14. a3 a5 15. Rc2 b5 16. Ncd2 Bb6 17. Rfc1 e5 18. e3 Nd5 19. Bxe5 Nxe3 20. fxe3 Bxe3+ 21. Kf1 Nxe5 22. Nxe5 Bxd2 23. Rxc8 Bxc8 24. Nc6+ Kf6 25. Rc5 Re8 26. Rc2 Be3 27. Nxa5 Bf5 28. Rc6+ Ke5 29. Bf3 Bh3+ 30. Ke2 Bg1 31. Kd2 Bd7 32. Rc7 Kd6 33. Rxd7+ Kxd7 34. Bc6+ Ke7 35. Bxe8 Kxe8 36. h3 Kd7 37. b4 f5 38. Nb3 Bf2 39. g4 f4 40. Kd3 Be3 41. h4 g6 42. Ke4 Kc6 1/2-1/2

[Event "18th Prague Open-A 2019"]
[Site "Prague"]
[Date "2019.01.17"]
[Round "8"]
[White "Zhang, Ziji"]
[Black "Ajay Krishna, S."]
[Result "1/2-1/2"]
[ECO "A58"]
[WhiteElo "2387"]
[BlackElo "2289"]
[Annotator "NA"]
[PlyCount "156"]
[EventDate "2019.01.11"]
[EventType "swiss"]
[EventCountry "CZE"]
[SourceTitle "playchess.com"]
[Source "ChessBase"]
[SourceQuality "1"]
[TimeControl "40/5400+30:1800+30"]

1. d4 Nf6 2. c4 c5 3. d5 b5 4. cxb5 a6 5. bxa6 e6 6. Nc3 exd5 7. Nxd5 Nxa6 8. Bg5 Be7 9. Nxe7 Qxe7 10. Nf3 O-O 11. e3 Bb7 12. Be2 d6 13. O-O h6 14. Bh4 g5 15. Bg3 Ne4 16. Nd2 Nxg3 17. hxg3 d5 18. a3 Nc7 19. Re1 Ne6 20. Nf3 Rfb8 21. b4 cxb4 22. axb4 Qxb4 23. Rb1 Qd6 24. Nd4 Qe5 25. Nxe6 Qxe6 26. Bf3 Bc6 27. Qd4 Qd6 28. Rxb8+ Rxb8 29. Rd1 Rb4 30. Qd2 Qb8 31. Bxd5 Bxd5 32. Qxd5 Rb1 33. Kh2 Rxd1 34. Qxd1 Qb2 35. Qd8+ Kh7 36. Qd3+ Kg8 37. Qf5 Qe2 38. g4 Qb2 39. Kh3 Qa1 40. Kg3 Qc3 41. Qd5 Qc7+ 42. Kh3 Qb6 43. Qe5 Qa6 44. Kg3 Qb6 45. Kh2 Qb4 46. Qd4 Qe7 47. Kh3 Qe6 48. Kg3 Qe7 49. f4 gxf4+ 50. exf4 Qe1+ 51. Kf3 Qf1+ 52. Qf2 Qc4 53. Qe3 Qc6+ 54. Kg3 Qd7 55. Qe5 Qd3+ 56. Kh2 Qd1 57. Kh3 Qd3+ 58. Kh4 Qf1 59. Qe4 Qh1+ 60. Kg3 Qd1 61. Qe8+ Kg7 62. Qe5+ Kg8 63. Qf6 Qh1 64. Qd8+ Kg7 65. Qd4+ Kg8 66. Qf6 Kf8 67. Qh8+ Ke7 68. Qe5+ Kf8 69. f5 Qc1 70. f6 Qc8 71. Qf4 Qc3+ 72. Kh2 Kg8 73. g5 Qc5 74. Qe4 hxg5 75. Qe8+ Qf8 76. Qxf8+ Kxf8 77. Kg3 Ke8 78. Kg4 Kd7 1/2-1/2

[Event "18th Prague Open-A 2019"]
[Site "Prague"]
[Date "2019.01.17"]
[Round "8"]
[White "Cerveny, Petr"]
[Black "Riha, Vojtech"]
[Result "1/2-1/2"]
[ECO "B31"]
[WhiteElo "2318"]
[BlackElo "2145"]
[Annotator "NA"]
[PlyCount "98"]
[EventDate "2019.01.11"]
[EventType "swiss"]
[EventCountry "CZE"]
[SourceTitle "playchess.com"]
[Source "ChessBase"]
[SourceQuality "1"]
[TimeControl "40/5400+30:1800+30"]

1. e4 c5 2. Nf3 Nc6 3. Bb5 g6 4. Bxc6 dxc6 5. d3 Bg4 6. Nbd2 Bg7 7. h3 Bxf3 8. Nxf3 e5 9. O-O Qe7 10. Qe1 Nf6 11. Qc3 Nd7 12. Bg5 Qd6 13. Nd2 O-O 14. a4 h6 15. Be3 Kh7 16. a5 f5 17. Nb3 b6 18. f3 f4 19. Bf2 g5 20. Ra2 h5 21. Rfa1 Rad8 22. axb6 axb6 23. Ra7 Qg6 24. Kf1 Rf7 25. Ke2 Nf8 26. R1a6 Rb8 27. Nd2 g4 28. hxg4 hxg4 29. Rxf7 Qxf7 30. Qb3 Qh5 31. Ra7 g3 32. Bg1 Kh8 33. c3 Nh7 34. Qe6 Ng5 35. Qe7 Rg8 36. Rb7 Qh1 37. Kf1 Qh6 38. Ra7 Nh3 39. gxh3 Qxh3+ 40. Ke1 Qh1 41. Nf1 g2 42. Qg5 gxf1=Q+ 43. Kxf1 Qxf3+ 44. Ke1 Qh1 45. Rc7 c4 46. Rxc6 Bf8 47. Qf6+ Bg7 48. Qg5 Bf8 49. Qf6+ Bg7 1/2-1/2